 Dungeon Crawl Stone Soup version 0.31.0-9-g3a7656b989 (webtiles) character file.

Game seed: 3151611347480460465

1620 qw the Skirmisher (level 8, -3/46 HPs)
             Began as a Deep Elf Hunter on Feb 3, 2024.
             Was an Initiate of Okawaru.
             Slain by a troll (5 damage)
             ... on level 8 of the Dungeon.
             The game lasted 00:00:20 (3827 turns).

qw the Skirmisher (Deep Elf Hunter)                 Turns: 3827, Time: 00:00:21

Health: -3/46      AC:  8    Str: 10    XL:     8   Next: 64%
Magic:  10/10      EV: 17    Int: 15    God:    Okawaru [......]
Gold:   34         SH:  0    Dex: 18    Spells: 7/7 levels left

rFire   . . .        a - +2 shortbow (heavy)
rCold   . . .        (shield currently unavailable)
rNeg    . . .        d - +0 ring mail
rPois   .            c - +1 helmet
rElec   .            k - +0 cloak
rCorr   .            (no gloves)
SInv    .            (no boots)
Will    .....        l - amulet of regeneration
Stlth   +            j - +5 ring of evasion
HPRegen 1.07/turn    (no ring)
MPRegen 0.12/turn

%: no passive effects
@: about to teleport
A: no striking features
a: Renounce Religion


You were on level 8 of the Dungeon.
You worshipped Okawaru.
Okawaru was noncommittal.
You visited 1 branch of the dungeon, and saw 7 of its levels.

You collected 183 gold pieces.
You spent 149 gold pieces at shops.


   Skills:
 - Level 3.4 Fighting
 + Level 13.3 Ranged Weapons
 - Level 1.4 Armour
 - Level 4.7 Dodging
 - Level 1.2 Stealth


You had 7 spell levels left.
You didn't know any spells.
Your spell library was empty.

Inventory:

Hand Weapons
 a - a +2 heavy shortbow (weapon)
Armour
 c - a +1 helmet (worn)
 d - a +0 ring mail (worn)
 k - a +0 cloak (worn)
Jewellery
 j - a +5 ring of evasion (left hand)
 l - an amulet of regeneration (around neck)
Wands
 g - a wand of paralysis (1) (quivered)
Potions
 f - a potion of might

Dungeon Overview and Level Annotations

Branches:
Dungeon (6/15)
 Temple: D:4-7

Altars:
Okawaru
Trog

Shops:
D:4 :   D:5 ?


Message History

The howler monkey is severely wounded.
The howler monkey hits you but does no damage.
The howler monkey hoots and howls with incredible vigour!
You shoot an arrow.
The arrow barely misses the howler monkey.
The howler monkey barely misses you.
You shoot an arrow. The arrow hits the howler monkey!
You kill the howler monkey!
Okawaru accepts your kill.
You can now gain great but temporary skills.
You see here a howler monkey corpse.
You see here a howler monkey corpse.
You can no longer gain great but temporary skills.
A malevolent force fills the Dungeon...
You fall into a shaft and drop 2 floors!
The shaft crumbles and collapses.
A troll comes into view.
The troll shouts!
You hear a shout!
Waypoint 6 assigned to D:8.
3824 ||| ZAPPING wand of paralysis (4) at 0,-1 (troll; floor).
Aiming: Paralyse
Press: ? - help, Q - select action, (/) - cycle Shift-Dir - straight line, f - troll The troll resists with some effort.
The troll bites you. The troll claws you. x2
3825 ||| ZAPPING wand of paralysis (3) at 0,-1 (troll; floor).
Aiming: Paralyse
Press: ? - help, Q - select action, (/) - cycle Shift-Dir - straight line, f/p - troll The troll resists with some effort.
The troll completely misses you. The troll misses you.
The troll barely misses you.
3826 ||| ZAPPING wand of paralysis (2) at 0,-1 (troll; floor).
Aiming: Paralyse
Press: ? - help, Q - select action, (/) - cycle Shift-Dir - straight line, f/p - troll The troll resists with some effort.
The troll bites you! The troll closely misses you. The troll claws you!
3827 ||| READING scroll of teleportation.
As you read the scroll of teleportation, it crumbles to dust.
You feel strangely unstable. The troll bites you! The troll barely misses you.
The troll claws you.
You die...

## .. .#####
# .... .#
./##..#.#
####T.......
#...@#
#.#### #


You could see a troll.

Vanquished Creatures
  Sigmund (D:3)
  A water moccasin (D:5)
  Duvessa (D:4)
  A black bear (D:5)
  2 ice beasts (D:5)
  A phantom (D:5)
  A gnoll sergeant (D:6)
  3 scorpions
  Dowan (D:4)
  A howler monkey (D:6)
  2 bombardier beetles
  3 hounds
  An orc priest (D:4)
  A jelly (D:5)
  Terence (D:2)
  An iguana (D:3)
  A sleepcap (D:4)
  Natasha (D:2)
  An orc wizard (D:4)
  Robin (D:3)
  6 adders
  3 gnolls (D:5)
  6 dart slugs
  2 ribbon worms (D:2)
  19 orcs
  5 bats
  8 endoplasms
  2 giant cockroaches
  16 goblins
  11 hobgoblins
  8 jackals
  7 quokkas
  6 ball pythons
  7 kobolds
  5 rats
137 creatures vanquished.

Notes
Turn   | Place    | Note
-------+----------+-------------------------------------------
     0 | D:1      | qw the Deep Elf Hunter began the quest for the Orb.
     0 | D:1      | Reached XP level 1. HP: 12/12 MP: 3/3
     0 | D:1      | 0 ||| qw: Version: 0.3-a-155-g5e7d8dd
     0 | D:1      | 0 ||| qw: Game counter: 2979
     0 | D:1      | 0 ||| qw: Melee chars always use a shield: true
     0 | D:1      | 0 ||| qw: God list: Okawaru
     0 | D:1      | 0 ||| qw: Allow faded altars: false
     0 | D:1      | 0 ||| qw: Do Orc after clearing Dungeon:15 true
     0 | D:1      | 0 ||| qw: Do second Lair branch before Depths: true
     0 | D:1      | 0 ||| qw: Lair rune preference: random
     0 | D:1      | 0 ||| qw: Goals: Normal
     0 | D:1      | 0 ||| PLANNING D:1-11
   166 | D:1      | Reached skill level 6 in Ranged Weapons
   166 | D:1      | Reached XP level 2. HP: 16/16 MP: 4/4
   671 | D:1      | 671 ||| UPGRADING to +0 ring mail.
   681 | D:1      | 681 ||| DROPPING +0 leather armour.
   682 | D:1      | 682 ||| UPGRADING to +0 helmet.
   687 | D:1      | 687 ||| UPGRADING to amulet of regeneration.
   692 | D:1      | 692 ||| UPGRADING to +5 ring of evasion.
   693 | D:1      | 693 ||| READING scroll labelled TAOTEI MEUBOV.
   698 | D:1      | 698 ||| READING scroll labelled LETAIXKOOLO.
   698 | D:1      | 698 ||| IDENTIFYING glowing amethyst potion
   699 | D:1      | 699 ||| READING scroll labelled BOPIMA JIYWN.
   699 | D:1      | 699 ||| BRANDING +0 shortbow.
   700 | D:1      | 700 ||| READING scroll labelled ZURCHE LENAMUZAY.
   701 | D:1      | 701 ||| DROPPING scroll of butterflies.
   702 | D:1      | 702 ||| DROPPING potion of ambrosia.
   795 | D:2      | Reached XP level 3. HP: 20/20 MP: 5/5
   797 | D:2      | Noticed Terence
   801 | D:2      | Killed Terence
   802 | D:2      | Reached skill level 7 in Ranged Weapons
   822 | D:2      | Reached XP level 4. HP: 25/25 MP: 6/6
   834 | D:2      | Found a faded altar of an unknown god.
  1162 | D:2      | 1162 ||| FLEEEEING.
  1163 | D:2      | 1163 ||| FLEEEEING.
  1164 | D:2      | 1164 ||| FLEEEEING.
  1165 | D:2      | 1165 ||| FLEEEEING.
  1194 | D:2      | Noticed Natasha
  1196 | D:2      | Killed Natasha
  1197 | D:2      | Reached skill level 8 in Ranged Weapons
  1228 | D:2      | 1228 ||| FLEEEEING.
  1269 | D:2      | 1269 ||| READING scroll of brand weapon.
  1269 | D:2      | 1269 ||| BRANDING +0 shortbow of draining.
  1337 | D:2      | 1337 ||| READING scroll of identify.
  1337 | D:2      | 1337 ||| IDENTIFYING scroll labelled FAWUSA LAULLA
  1338 | D:2      | 1338 ||| DROPPING scroll of poison.
  1363 | D:3      | Reached XP level 5. HP: 29/29 MP: 7/7
  1388 | D:3      | Noticed Robin
  1397 | D:3      | Killed Robin
  1642 | D:3      | Reached skill level 9 in Ranged Weapons
  2006 | D:3      | Found a bloodstained altar of Trog.
  2137 | D:3      | Noticed Sigmund
  2138 | D:3      | 2138 ||| ZAPPING wand of paralysis (8) at 0,-6 (Sigmund;
                  | floor).
  2139 | D:3      | 2139 ||| ZAPPING wand of paralysis (7) at 0,-5 (Sigmund;
                  | floor).
  2140 | D:3      | 2140 ||| ZAPPING wand of paralysis (6) at 0,-4 (Sigmund;
                  | floor).
  2143 | D:3      | Killed Sigmund
  2144 | D:3      | Reached skill level 3 in Fighting
  2144 | D:3      | Reached XP level 6. HP: 37/37 MP: 8/8
  2281 | D:3      | 2281 ||| UPGRADING to +1 helmet.
  2291 | D:3      | 2291 ||| DROPPING +0 helmet.
  2292 | D:3      | 2292 ||| READING 2 scrolls of identify.
  2292 | D:3      | 2292 ||| IDENTIFYING red potion
  2650 | D:4      | Reached XP level 7. HP: 40/41 MP: 9/9
  2663 | D:4      | Reached skill level 10 in Ranged Weapons
  2749 | D:4      | Reached skill level 3 in Dodging
  2753 | D:4      | Noticed Dowan
  2761 | D:4      | Killed Dowan
  2762 | D:4      | Reached skill level 1 in Armour
  2773 | D:4      | Noticed Duvessa
  2775 | D:4      | 2775 ||| ZAPPING wand of paralysis (5) at -1,0 (Duvessa;
                  | open_door).
  2781 | D:4      | Killed Duvessa
  2795 | D:4      | Found Xiyr's Book Emporium.
  3064 | D:4      | 3064 ||| UPGRADING to +0 cloak.
  3069 | D:4      | 3069 ||| READING 3 scrolls of identify.
  3069 | D:4      | 3069 ||| IDENTIFYING 3 yellow potions
  3070 | D:4      | 3070 ||| READING 2 scrolls of identify.
  3070 | D:4      | 3070 ||| IDENTIFYING scroll labelled LOKOUG RERCH
  3071 | D:4      | 3071 ||| READING scroll of enchant weapon.
  3071 | D:4      | 3071 ||| ENCHANTING +0 heavy shortbow.
  3072 | D:4      | 3072 ||| DROPPING 3 potions of brilliance.
  3088 | D:5      | Entered Level 5 of the Dungeon
  3091 | D:5      | 3091 ||| STAIRDANCE
  3107 | D:5      | 3107 ||| STAIRDANCE
  3121 | D:5      | Reached skill level 11 in Ranged Weapons
  3124 | D:5      | Reached XP level 8. HP: 46/46 MP: 10/10
  3129 | D:5      | Found an iron altar of Okawaru.
  3130 | D:5      | 3130 ||| PLANNING OKAWARU WORSHIP
  3135 | D:5      | Reached skill level 12 in Ranged Weapons
  3149 | D:5      | Became a worshipper of Warmaster Okawaru
  3150 | D:5      | 3150 ||| PLANNING D:1-11
  3343 | D:5      | Found Diqomp's Magic Scroll Shoppe.
  3350 | D:5      | 3350 ||| BUYING scroll of enchant weapon (97 gold).
  3350 | D:5      | Bought a scroll of enchant weapon for 97 gold pieces
  3350 | D:5      | 3350 ||| BUYING scroll of identify (26 gold).
  3350 | D:5      | Bought a scroll of identify for 26 gold pieces
  3350 | D:5      | 3350 ||| BUYING scroll of identify (26 gold).
  3350 | D:5      | Bought a scroll of identify for 26 gold pieces
  3350 | D:5      | 3350 ||| SHOPLISTING scroll of teleportation (39 gold, have
                  | 19).
  3350 | D:5      | 3350 ||| READING scroll of enchant weapon.
  3350 | D:5      | 3350 ||| ENCHANTING +1 heavy shortbow.
  3625 | D:5      | 3625 ||| READING 4 scrolls of identify.
  3625 | D:5      | 3625 ||| IDENTIFYING bubbling amethyst potion
  3626 | D:5      | 3626 ||| READING 3 scrolls of identify.
  3626 | D:5      | 3626 ||| IDENTIFYING sapphire potion
  3627 | D:5      | 3627 ||| READING 2 scrolls of identify.
  3627 | D:5      | 3627 ||| IDENTIFYING scroll labelled BYHOOZX MIBREE
  3628 | D:5      | 3628 ||| READING scroll of identify.
  3628 | D:5      | 3628 ||| IDENTIFYING scroll labelled VITHRA HOST
  3629 | D:5      | 3629 ||| DROPPING potion of lignification.
  3630 | D:5      | 3630 ||| DROPPING potion of invisibility.
  3631 | D:5      | 3631 ||| DROPPING scroll of revelation.
  3632 | D:5      | 3632 ||| DROPPING scroll of vulnerability.
  3677 | D:6      | 3677 ||| STAIRDANCE
  3733 | D:6      | 3733 ||| STAIRDANCE
  3744 | D:6      | 3744 ||| STAIRDANCE
  3751 | D:6      | 3751 ||| STAIRDANCE
  3757 | D:6      | Reached skill level 13 in Ranged Weapons
  3777 | D:6      | Reached * piety under Okawaru
  3822 | D:6      | You fall into a shaft and drop 2 floors!
  3823 | D:8      | Noticed a troll
  3824 | D:8      | 3824 ||| ZAPPING wand of paralysis (4) at 0,-1 (troll;
                  | floor).
  3825 | D:8      | 3825 ||| ZAPPING wand of paralysis (3) at 0,-1 (troll;
                  | floor).
  3826 | D:8      | 3826 ||| ZAPPING wand of paralysis (2) at 0,-1 (troll;
                  | floor).
  3826 | D:8      | HP: 11/46 [troll (9)]
  3827 | D:8      | 3827 ||| READING scroll of teleportation.
  3827 | D:8      | HP: 2/46 [troll (10)]
  3827 | D:8      | Slain by a troll

Levels and vault maps discovered:
D:1:      psy_arrival_basics, layout_basic, chequers_serial_rivers_small_a,
          chequers_avenue
D:2:      layout_basic, ebering_ecumenical_altar_sacrificial, st_stairs_8,
          uniq_terence, uniq_natasha
D:3:      layout_basic, lemuel_doored_altar, uniq_robin, uniq_sigmund
D:4:      dreamdust_elfheim, layout_basic, serial_shops,
          nicolae_shop_pleasant_corner_grove, hangedman_feature_mirror,
          serial_bayou_pond_c
D:5:      layout_basic, okawaru_trees_1, serial_shops, shop
D:6:      layout_basic, kennysheep_mini, ebering_ghost_reflecting_pool,
          serial_glass, glass_columns_a, glass_columns_c, glass_columns_b,
          glass_columns_a, chequers_serial_rivers_small_b
D:8:      layout_loops_ring, nicolae_qazlal_style_of_elements,
          mainiacjoe_overflow_concentric_impassable, uniq_amaemon

Skill      XL: |  1  2  3  4  5  6  7  8 |
---------------+-------------------------+-----
Ranged Weapons | 6 7 8 9 11 13 | 13.3
Fighting       | 3 |  3.4
Dodging        | 3 4 |  4.7
Armour         | 1 |  1.4
Stealth        | |  1.2

Action                     |  1- 3 |  4- 6 |  7- 9 || total
---------------------------+-------+-------+-------++-------
   Fire: Shortbow          |    67 |   182 |   151 ||   400
  Evoke: Wand              |       |     3 |     4 ||     7
    Use: Scroll            |     4 |     3 |     9 ||    16
 Armour: Leather armour    |    10 |       |       ||    10
         Ring mail         |       |    96 |    64 ||   160
  Dodge: Dodged            |    15 |   183 |    98 ||   296

Table legend:
 A = Non-vault XP
 B = Vault XP
 C = Vault XP percentage of total XP
 D = Non-vault monster count
 E = Vault monster count
 F = Vault count percentage of total count
                 A         B        C        D         E       F
            +---------+---------+-------+---------+---------+-------
      Total |    1768 |     547 |  23.6 |     118 |      19 |  13.9
            +---------+---------+-------+---------+---------+-------
        D:1 |      40 |       0 |   0.0 |      23 |       0 |   0.0
        D:2 |      78 |      75 |  49.0 |      20 |       3 |  13.0
        D:3 |      83 |     258 |  75.7 |      15 |      12 |  44.4
        D:4 |     403 |     214 |  34.7 |      32 |       4 |  11.1
        D:5 |    1018 |       0 |   0.0 |      26 |       0 |   0.0
        D:6 |     146 |       0 |   0.0 |       2 |       0 |   0.0
            +---------+---------+-------+---------+---------+-------
